AoeStats
← AntiMetaist

Lombardia

510146992Analyzed
4v4 RM · 3d ago on Sep 29, 2026· 16m 4s· 8 players
Game mode
Random Map
Map size
Large (8 player)
Population
200
Speed
Normal
Resources
Standard
Victory
Conquest
Starting age
Dark Age
Ending age
Imperial Age
RankedLock teamsTeams togetherTeam positionsShared explorationLock speedFull tech treeHidden civsTurbo modeCheats
Victory
Defeat
🇹🇷 Berbers · Türkiye
1688
+15
🇹🇷 Cumans · Türkiye
1654
+16
🇹🇷 Magyars · Türkiye
1615
+18
🇦🇹 Dravidians · Austria
1596
+18
🇳🇴 Danes · Norway
1751
-21
🇸🇪 Spanish · Sweden
1748
-20
🇹🇷 Persians · Türkiye
1615
-15
🇺🇸 Malians · United States
1503
-11
USTA
6:24 Loom
6:33 Loom
8:56 Feudal Age
9:41 Double-Bit Axe
14:40 Fletching
Kuş Bilge
8:59 Feudal Age
9:45 Loom
9:50 Double-Bit Axe
14:25 Horse Collar
AntiMetaist
7:08 Loom
9:30 Feudal Age
10:45 Double-Bit Axe
12:56 Fletching
Sekov
6:41 Loom
9:02 Feudal Age
12:41 Double-Bit Axe
12:37 Horse Collar
Mystic
6:46 Loom
10:50 Feudal Age
14:54 Double-Bit Axe
Davve02
11:24 Feudal Age
11:49 Loom
16:33 Castle Age
14:20 Double-Bit Axe
15:24 Stone Mining
P3RL
10:37 Feudal Age
12:11 Loom
15:18 Castle Age
15:25 Fletching
PaLikaRi
9:15 Loom
11:36 Feudal Age
Connection lost

Rejoining the realm…

Still unreachable

The connection could not be restored.

Session expired

The server has moved on; the page needs a fresh start.